 Dungeon Crawl Stone Soup version 0.30.1-4-g462c640d31 (webtiles) character file.

Game seed: 9761377809347089546

175 Fortress the Insei (level 5, -2/38 HPs)
             Began as a Merfolk Transmuter on Sept 8, 2023.
             Slain by a jelly (3 damage)
             ... on level 4 of the Dungeon.
             The game lasted 00:08:45 (3134 turns).

Fortress the Insei (Merfolk Transmuter)             Turns: 3134, Time: 00:08:45

Health: -2/38      AC:  0    Str: 11    XL:     5   Next: 55%
Magic:  8/8        EV: 14    Int: 14    God:
Gold:   120        SH:  0    Dex: 17    Spells: 7/8 levels left

rFire   . . .        l - +2 falchion (holy)
rCold   . . .        (no shield)
rNeg    . . .        o - +1 robe "Wucvoinu" {Dex+3}
rPois   .            (helmet currently unavailable)
rElec   .            (no cloak)
rCorr   .            (no gloves)
SInv    .            (boots currently unavailable)
Will    .....        (no amulet)
Stlth   ++           (no ring)
HPRegen 0.26/turn    (no ring)
MPRegen 0.11/turn

%: no passive effects
@: appendages, corroded
A: horns 2, (nimble swimmer 2), mertail
a: End Transformation


You were on level 4 of the Dungeon.
You had temporarily grown beastly horns.
You visited 1 branch of the dungeon, and saw 4 of its levels.

You collected 120 gold pieces.

Inventory:

Hand Weapons
 l - a +2 falchion of holy wrath (weapon)
Missiles
 p - 3 poisoned darts
Armour
 o - the +1 robe "Wucvoinu" (worn) {Dex+3}
   (You found it on level 2 of the Dungeon)

   Dex:       It affects your dexterity (+3).
Scrolls
 c - 2 scrolls of teleportation {unknown}
 d - 2 scrolls of amnesia {unknown}
 e - a scroll of enchant weapon {unknown}
 f - a scroll of poison {unknown}
 g - a scroll of immolation {unknown}
 h - 2 scrolls of identify {unknown}
 i - 2 scrolls of vulnerability {unknown}
 n - a scroll of noise {unknown}
 q - a scroll of summoning {unknown}
Potions
 b - 2 potions of lignification
 j - 3 potions of flight
 k - a potion of degeneration {unknown}
 m - a potion of mutation {unknown}


   Skills:
 + Level 1.8 Fighting
 - Level 0.1 Throwing
 - Level 0.2 Armour
 - Level 4.3 Dodging
 - Level 1.0 Stealth
 - Level 5.0 Unarmed Combat
 + Level 2.3 Spellcasting
 + Level 3.3 Transmutations


You had 7 spell levels left.
You knew the following spells:

 Your Spells              Type           Power      Damage    Failure   Level
a - Beastly Appendage     Tmut           22%        N/A       6%          1

Your spell library contained the following spells:

 Spells                   Type           Power      Damage    Failure   Level
 Wereblood                Tmut           11%        N/A       9%          2
 Necrotise                Necr           4%         1d4       24%         1
 Spider Form              Tmut/Pois      6%         N/A       34%         3
 Inner Flame              Hex/Fire       1%         N/A       56%         3
 Vampiric Draining        Necr           1%         2d6       56%         3
 Ice Form                 Ice/Tmut       6%         N/A       75%         4
 Flame Wave               Conj/Fire      1%         2d4       93%         4
 Sticky Flame             Conj/Fire      1%         2d3       93%         4
 Agony                    Necr           1%         N/A       100%        5


Dungeon Overview and Level Annotations

Branches:
Dungeon (4/15)
 Temple: D:4-7

Altars:
Nemelex Xobeh


Innate Abilities, Weirdness & Mutations

You have temporarily grown beastly horns.
((You are very nimble when in or above water. (Stealth+, EV+, Speed+++)))
Your lower body shifts to a powerful aquatic tail in water.


Message History

You barely miss the scorpion.
The scorpion is severely wounded.
The scorpion closely misses you. The scorpion barely misses you.
You closely miss the scorpion. You punch the scorpion.
The scorpion is almost dead.
The scorpion stings you but does no damage.
You hit the scorpion.
You kill the scorpion!
Your Dodging skill increases to level 4!
Your horns disappear.
You are starting to lose your buoyancy.
You float gracefully downwards.
A hound comes into view.
Found 9 gold pieces.
A jelly comes into view.
Casting: Beastly Appendage (safe; 6% risk of failure)
Confirm with . or Enter, or press ? or * to list all spells.
You grow a pair of large bovine horns.
The jelly quivers.
The hound closely misses you. The hound barely misses you.
You hit the hound.
The hound is lightly wounded.
The hound bites you but does no damage. The hound bites you.
You hit the hound.
The hound is lightly wounded.
The hound bites you. The hound barely misses you.
You hit the jelly. The acid corrodes you!
Your hands burn!
The jelly is lightly wounded.
The hound misses you. The jelly misses you. The hound closely misses you.
The jelly hits you.
You are splashed with acid!
You hit the jelly.
Your hands burn!
You headbutt the jelly, but do no damage.
The jelly is moderately wounded.
The hound bites you. The jelly hits you.
* * * LOW HITPOINT WARNING * * *
You are splashed with acid!
* * * LOW HITPOINT WARNING * * *
The hound completely misses you. The jelly attacks as you move away!
The jelly hits you.
You die...

. .#.# .#.#.#####
..... ..#########
#...# #..........
#>..# #..........
#...# #$.J.$....#
#...# #.@h......#
#...# #.######.##
#...## #.###
##....###...####.
###..##............
#...######......##.
#.### #...##..# #.#
#...# #.## # #.#
#...# #..# .# ##


You could see a hound and a jelly.

Vanquished Creatures
  A scorpion (D:4)
  An orc wizard (D:3)
  2 adders
  A dart slug (D:3)
  4 orcs (D:3)
  9 bats
  4 endoplasms
  3 giant cockroaches
  6 goblins
  11 hobgoblins
  5 jackals (D:1)
  A quokka (D:2)
  8 ball pythons
  6 frilled lizards
  A kobold (D:2)
  6 rats
69 creatures vanquished.

Notes
Turn   | Place    | Note
-------+----------+-------------------------------------------
     0 | D:1      | Fortress the Merfolk Transmuter began the quest for the
                  | Orb.
     0 | D:1      | Reached XP level 1. HP: 15/15 MP: 3/3
   171 | D:1      | Reached XP level 2. HP: 18/21 MP: 5/5
   642 | D:1      | Reached skill level 4 in Unarmed Combat
   772 | D:1      | Reached XP level 3. HP: 22/26 MP: 6/6
  1022 | D:2      | Found a sparkling altar of Nemelex Xobeh.
  1530 | D:2      | Found a faded altar of an unknown god.
  1762 | D:2      | Identified the +1 robe "Wucvoinu" {Dex+3}
  1829 | D:2      | Reached XP level 4. HP: 32/32 MP: 5/7
  2121 | D:3      | Reached skill level 1 in Stealth
  2971 | D:4      | Reached skill level 5 in Unarmed Combat
  2971 | D:4      | Reached XP level 5. HP: 35/37 MP: 8/8
  3132 | D:4      | HP: 1/38 [acid (9)]
  3134 | D:4      | Slain by a jelly

Illustrated notes

Levels and vault maps discovered:
D:1:      psy_arrival_terrarium, layout_loops_corners,
          nicolae_concentric_dashed_squares_mild
D:2:      layout_loops_ring, hellmonk_ecumenical_altar_pennies_from_heaven,
          basic_altar, dk_vineyard_2, kennysheep_generic_room_14
D:3:      layout_loops_corners, nicolae_elevator_lobby_asterisk
D:4:      layout_rooms, minmay_temple_entry_poolview, gammafunk_ghost_stat_death

Skill      XL: |  1  2  3  4  5 |
---------------+----------------+-----
Dodging        | 3 4 |  4.3
Unarmed Combat | 4 5 |  5.0
Transmutations | 3 |  3.3
Stealth        | 1 |  1.0
Fighting       | |  1.8
Throwing       | |  0.1
Armour         | |  0.2
Spellcasting   | |  2.3

Action                     |  1- 3 |  4- 6 || total
---------------------------+-------+-------++-------
  Melee: Unarmed           |   133 |    23 ||   156
         Headbutt          |     2 |     3 ||     5
         Punch             |     1 |     3 ||     4
         Falchion          |       |    51 ||    51
  Throw: Dart              |       |     9 ||     9
   Cast: Beastly Appendage |     6 |     3 ||     9
    Use: Potion            |       |     2 ||     2
   Stab: Sleeping          |     4 |     3 ||     7
 Armour: Robe              |    13 |    13 ||    26
         Leather armour    |     2 |       ||     2
  Dodge: Dodged            |    84 |    56 ||   140
